Cogmind - Beta 17.1 @@@ ROGUE MODE // 2026.08.18 @ 20:02:14 Player: Alicianrone Result: Destroyed by G-34 Mercenary with Small Laser Performance ------------- Evolutions (0) 0 Regions Visited (2) 400 Robots Destroyed (42) 210 Value Destroyed (1259) 1259 Prototype IDs (1) 20 Alien Tech Used (0) 0 Bonus (7250) 7250 TOTAL SCORE: 9139 Bonus ------- Follower Combat Kills 50 Prayed to X0-1V1 5000 Major X0-1V1 Interference 2200 Cogmind --------- Core Integrity 0/200 Matter 680/1000 Energy 1065/1065 System Corruption 0% Temperature Cool (6) Movement Rolling (215) Ox9 Location -10/Mines Parts ------- > --- POWER (1) -------- Improved Ion Engine > --- PROPULSION (2) --- Light Treads Wheel > --- UTILITY (2) ------ Huge Storage Unit X0-1V1's Piety Tracker > --- WEAPON (2) ------- Shotgun Light Cannon > --- INVENTORY (25) --- Light Treads Light Treads Light Treads Light Treads Light Treads Wheel Medium Storage Unit Small Battery (100) Structural Scanner Seismic Detector Backup Plating I Backup Plating I Light Armor Plating Light Armor Plating Light Armor Plating Hacking Suite Cobbler Unit Beam Rifle Assault Rifle Heavy Assault Rifle Heavy Assault Rifle Mining Laser Peak State ------------ > --- POWER ------------ Improved Ion Engine > --- PROPULSION ------- Light Treads Wheel > --- UTILITY ---------- Huge Storage Unit X0-1V1's Piety Tracker > --- WEAPON ----------- Beam Rifle Heavy Assault Rifle > --- INVENTORY -------- Light Treads Light Treads Light Treads Wheel Medium Storage Unit Small Battery Structural Scanner Seismic Detector Backup Plating I Backup Plating I Light Armor Plating Light Armor Plating Light Armor Plating Hacking Suite Cobbler Unit Assault Rifle Assault Rifle Light Cannon Mining Laser [Rating: 24] Favorites ----------- Power Light Ion Engine Engine Light Ion Engine Propulsion Light Treads Treads Light Treads Wheel Compact Wheel Utility Huge Storage Unit Device X0-1V1's Piety Tracker Storage Huge Storage Unit Protection Backup Plating I Weapon Light Cannon Energy Gun EM Pulse Gun Ballistic Gun Assault Rifle Ballistic Cannon Light Cannon Build | -11 -10 -10 ------- Run | Yrd Mat Min Slots Evolved . | . . . Power . | . . . Propulsion . | . . . Utility . | . . . Weapon . | . . . Parts Attached 32 | 6 18 8 Power 5 | 1 3 1 Engine 5 | 1 3 1 Core . | . . . Reactor . | . . . Propulsion 8 | 2 3 3 Treads 5 | . 3 2 Leg . | . . . Wheel 3 | 2 . 1 Hover . | . . . Flight . | . . . Utility 7 | 1 6 . Device 3 | . 3 . Storage 3 | 1 2 . Processor . | . . . Hackware . | . . . Protection 1 | . 1 . Artifact . | . . . Weapon 12 | 2 6 4 Energy Gun 3 | 2 . 1 Energy Cannon . | . . . Ballistic Gun 5 | . 3 2 Ballistic Cannon 4 | . 3 1 Launcher . | . . . Special Weapon . | . . . Impact Weapon . | . . . Slashing Weapon . | . . . Piercing Weapon . | . . . Special Melee Weapon . | . . . Unidentified Prototypes 1 | . 1 . Parts Lost 7 | . 4 3 Power 3 | . 2 1 Propulsion 1 | . . 1 Utility . | . . . Weapon 3 | . 2 1 Highest Loss Streak 2 | . 2 2 To Critical Strikes . | . . . Average Backups 13 | 1 11 17 Power . | . . . Propulsion 4 | 1 4 4 Utility 6 | . 4 10 Weapon 2 | . 1 2 Tool/Special . | . . . Unused Backups 9 | . . 9 Power . | . . . Propulsion 2 | . . 2 Utility 5 | . . 5 Weapon 2 | . . 2 Tool/Special . | . . . Average Slot Usage (%) 96 | . 98 94 Engine 12 | . 13 9 Treads 15 | . 15 15 Wheel 12 | . 12 12 Device 12 | . 10 14 Storage 14 | . 14 14 Energy Gun 5 | . 5 6 Ballistic Gun 9 | . 4 19 Ballistic Cannon 11 | . 17 1 Peak Build Rating 24 | 6 21 24 Average Rating 13 | 3 8 22 On Entrance 9 | . 6 21 Avg Prop Armor Cover (%) 11 | . 11 12 Naked Turns . | . . . Heaviest Build 94 | 12 90 94 Greatest Support 40 | 26 40 40 Greatest Overweight (x) 9 | . 5 9 Average Overweight (x) 5 | . 4 8 Largest Inventory Capacity 25 | 8 25 25 Average Capacity 23 | 7 22 25 Most Carried 23 | 3 16 23 Average Carried 13 | 1 11 18 Final Capacity 25 | 8 25 25 Final Carried 23 | 3 16 23 Class Distribution -------------------- 100% | Mutant Dominant Class ---------------- Mutant | -10/Materials Mutant | -10/Mines Resources | -11 -10 -10 ----------- Run | Yrd Mat Min Matter Collected 1839 | 214 908 717 Remotely . | . . . Salvage Created 1376 | 13 946 417 Parts 73 | 1 54 18 Haulers Intercepted 1 | . 1 . Recyclers Shooed 1 | . 1 . Parts Field Recycled . | . . . Retrieved Matter . | . . . Parts Self-Destructed . | . . . Prevented . | . . . Parts Restored . | . . . Kills | -11 -10 -10 ------- Run | Yrd Mat Min Combat Hostiles Destroyed 32 | . 24 8 Guns 16 | . 10 6 Cannons 16 | . 14 2 Classes Destroyed 9 | 1 7 1 Worker 1 | . 1 . Tunneler 2 | 1 . 1 Hauler 1 | . 1 . Recycler 1 | . 1 . Operator 2 | . 2 . Watcher 3 | . 3 . Swarmer 3 | . 3 . Grunt 24 | . 21 3 Sentry 5 | . . 5 Best Kill Streak 4 | 1 4 2 Combat Bots Only 4 | . 4 2 Max Kills in Single Turn 2 | 1 1 2 Gunslinging . | . . . Exploded . | . . . Melee . | . . . Uniques/NPCs Destroyed . | . . . Combat | -11 -10 -10 -------- Run | Yrd Mat Min Hostile Shots Fired 146 | . 97 49 Missed 45 | . 29 16 Hits 101 | . 68 33 Projectile 101 | . 68 33 Critical Strikes 2 | . 2 . Damage Taken 1351 | . 896 455 Core 252 | . 94 158 Absorbed by Shields . | . . . Ignored by Resistances 27 | . . 27 Core Remaining (%) 100 | 100 . . Volleys Fired 124 | 1 97 26 Largest 2 | 2 2 2 Hottest 80 | 80 80 79 Shots Fired 240 | 2 191 47 Gun 155 | 2 115 38 Cannon 85 | . 76 9 Launcher . | . . . Special . | . . . Kinetic 166 | . 127 39 Thermal 8 | . . 8 Explosive . | . . . Electromagnetic 66 | 2 64 . Robot Hit Streak 15 | 1 15 6 Robot Miss Streak 4 | . 4 2 Penetration Max . | . . . Secondary Targets . | . . . Shots Hit Robots 155 | 1 120 34 Core Hits 65 | 1 47 17 Critical Kills 1 | . . 1 Critical Parts Destroyed 1 | . . 1 Critical Strikes 8 | . 3 5 Burn 1 | . . 1 Destroy 2 | . . 2 Blast 4 | . 2 2 Corrupt 1 | . 1 . Melee Attacks . | . . . Impact . | . . . Slashing . | . . . Piercing . | . . . Sneak Attacks . | . . . Combat Hostiles . | . . . Follow-up Attacks . | . . . Damage Inflicted 2538 | 12 1992 534 Guns 1312 | 12 905 395 Cannons 1128 | . 989 139 Explosions 98 | . 98 . Melee . | . . . Ramming . | . . . Kinetic 1848 | . 1386 462 Thermal 170 | . 98 72 Explosive . | . . . Electromagnetic 520 | 12 508 . Impact . | . . . Slashing . | . . . Piercing . | . . . Highest Corruption . | . . . Average Corruption . | . . . Corruption Purged . | . . . Corruption Blocked . | . . . Overload Shots . | . . . Overflow Damage 9 | . 9 . Projectiles 9 | . 9 . Explosions . | . . . Melee . | . . . Knockbacks 12 | . 12 . Impact . | . . . Kinetic 11 | . 11 . Secondary 1 | . 1 . Self-Inflicted Damage 78 | . 78 . Shots 2 | . 2 . Rammed . | . . . Targets Rammed . | . . . Kicked . | . . . Crushed . | . . . Highest Temperature 220 | 3 220 95 Average Temperature 55 | 2 59 46 Received Heat Transfer 639 | . 462 177 Effects 2 | . 2 . Interference 2 | . 2 . Siege Activations . | . . . Martial Activations . | . . . Shielding Activations . | . . . Robots Disrupted . | . . . Combat Hostiles . | . . . Robots Corrupted . | . . . Combat Hostiles . | . . . Parts Fried 3 | . 3 . Impact Corruptions . | . . . Robots Melted . | . . . Combat Hostiles . | . . . Parts Melted 3 | . . 3 Heat Transferred 459 | . 200 259 Parts Sabotaged . | . . . Parts Stolen . | . . . Parts Stripped . | . . . Power Chain Reactions 2 | . 2 . Alert | -11 -10 -10 ------- Run | Yrd Mat Min Maximum Alert Level 1 | . 1 . Low Security (%) 94 | 100 91 100 Level 1 5 | . 8 . Level 2 . | . . . Level 3 . | . . . Level 4 . | . . . Level 5 . | . . . High Security . | . . . Max Security . | . . . Peak Influence 219 | 5 219 86 Initial 76 | . . 76 Average 66 | . 96 14 Influence Increases 1028 | 5 784 239 Destroy 0b10 Robot/C 680 | . 480 200 Destroy 0b10 Robot/NC 50 | 5 40 5 Destroy Leader 118 | . 108 10 Allied During Kill 9 | . . 9 Successful Hack 25 | . 25 . Select Force Hacks 60 | . 60 . Disable Machine 30 | . 30 . Destroy Structure 26 | . 26 . Lose Combat Pursuer 30 | . 15 15 Influence Decreases 1016 | 5 587 424 Entered New Map 121 | . . 121 Time Decay 801 | 5 563 233 Lost Part 54 | . 24 30 Lost Ally 40 | . . 40 Squads Dispatched 5 | . 5 . Investigation 3 | . 3 . Extermination . | . . . Reinforcement 2 | . 2 . Assault . | . . . Garrison . | . . . Intercept . | . . . Searches Triggered . | . . . Construction Impeded . | . . . Haulers Reinforced . | . . . Active Scanning Responses . | . . . Cargo Convoy Interrupts . | . . . Stealth | -11 -10 -10 --------- Run | Yrd Mat Min Distress Signals 1 | . 1 . Communications Jammed . | . . . Distress Signals . | . . . Times Spotted 46 | . 32 14 Peak Tracking Total 4 | . 4 3 Tactical Retreats 2 | . 1 1 Traps | -11 -10 -10 ------- Run | Yrd Mat Min Traps Triggered 6 | . 6 . Indirectly . | . . . Trap Hack Attempts . | . . . Triggered . | . . . Disarmed . | . . . Reprogrammed . | . . . Reused . | . . . Traps Extracted . | . . . Installed . | . . . Triggered . | . . . Machines | -11 -10 -10 ---------- Run | Yrd Mat Min Machines Disabled 2 | . 2 . Max in Single Turn 1 | . 1 . Machines Repaired . | . . . Machines Dismantled . | . . . Machines Sabotaged . | . . . Overloaded Fab Kills . | . . . Hacking | -11 -10 -10 --------- Run | Yrd Mat Min Machines Accessed 7 | . 7 . Terminals 4 | . 4 . Fabricators . | . . . Repair Stations 1 | . 1 . Recycling Units 2 | . 2 . Scanalyzers . | . . . Garrison Access . | . . . Total Hacks 17 | . 17 . Successful 10 | . 10 . Failed 7 | . 7 . Catastrophic . | . . . Database Lockouts . | . . . Manual 9 | . 9 . Terminals 12 | . 12 . Fabricators . | . . . Repair Stations 3 | . 3 . Recycling Units 2 | . 2 . Scanalyzers . | . . . Garrison Access . | . . . Terminal Hacks 5 | . 5 . Robot Schematic 1 | . 1 . Robot Analysis 1 | . 1 . Locate Traps 2 | . 2 . Hauler Manifests 1 | . 1 . Fabricator Hacks . | . . . Repair Station Hacks 2 | . 2 . Refit 2 | . 2 . Recycling Unit Hacks . | . . . Scanalyzer . | . . . Garrison Access Hacks . | . . . Unauthorized Hacks 3 | . 3 . Terminals 1 | . 1 . Botnet 1 | . 1 . Fabricators . | . . . Repair Stations . | . . . Recycling Units 2 | . 2 . Tunnel 2 | . 2 . Scanalyzers . | . . . Garrison Access . | . . . Data Cores Recovered . | . . . Used . | . . . Hacking Detections 3 | . 3 . Full Trace Events . | . . . Feedback Events . | . . . Feedback Blocked . | . . . Robot Schematics Acquired 1 | . 1 . Robots Built . | . . . Authchips . | . . . Time . | . . . Total Robot Build Rating . | . . . Part Schematics Acquired . | . . . Parts Built . | . . . Authchips . | . . . Time . | . . . Total Part Build Rating . | . . . Part Studies Acquired . | . . . Parts Repaired . | . . . Time . | . . . Parts Recycled . | . . . Recycled Matter . | . . . Retrieved Matter . | . . . Retrieved Components . | . . . Parts Scanalyzed . | . . . Part Schematics Acquired . | . . . Parts Damaged . | . . . Bothacking | -11 -10 -10 ------------ Run | Yrd Mat Min Used RIF Installer . | . . . Robots Hacked . | . . . Non-combat . | . . . Combat . | . . . Robot Hacks Applied . | . . . Relay Couplers Released . | . . . Fabnet Peak Effective % . | . . . Robots Rewired . | . . . Allies Hacked . | . . . Hacks Repelled . | . . . Allies | -11 -10 -10 -------- Run | Yrd Mat Min Total Allies 2 | . . 2 Largest Group 2 | . . 2 Highest-Rated Group 45 | . . 45 Highest-Rated Ally 31 | . . 31 Total Orders . | . . . Ally Attacks 12 | . . 12 Total Damage 184 | . . 184 Kills 2 | . . 2 Allies Corrupted . | . . . Allies Melted . | . . . X0-1V1 Amusement Gains 22 | . 2 20 Average Entertainment 16 | . 1 18 Good Acts 8 | . 2 6 Bad Acts 15 | . 1 14 Intel | -11 -10 -10 ------- Run | Yrd Mat Min Active Infowar (turns) 1697 | . 1697 . Structural 675 | . 675 . Seismic 1022 | . 1022 . Robot Analysis Total 1 | . 1 . Derelict Logs Recovered 1 | . . 1 Drone Launches . | . . . Drone Recoveries . | . . . Exploration | -11 -10 -10 ------------- Run | Yrd Mat Min Turns Passed 3783 | 57 2386 1340 Spaces Moved 1711 | 51 1095 565 Core 8 | 8 . . Treads 120 | . 105 15 Legs . | . . . Wheels 1583 | 43 990 550 Hover . | . . . Flight . | . . . Fastest Speed 50 | 50 90 175 Average Speed 183 | 82 174 211 Slowest Speed 480 | 90 480 320 Overloaded Moves . | . . . Propulsion Burnouts . | . . . Robots Hopped . | . . . Potential Cave-ins . | . . . Cave-ins Triggered . | . . . Exploration Rate (%) 65 | 3 98 96 Regions Visited 2 Branch Regions 1 Pre-discovered Areas 3 | . 2 1 Known Exits Taken . | . . . Unknown Exits Taken 2 | 1 1 . Scrap Searched 1 | . . 1 Spaces Dug . | . . . Terrain Destroyed 24 | . 24 . Melee . | . . . Projectile . | . . . AOE 24 | . 24 . Terrain Rammed . | . . . Walls Destroyed . | . . . Machines Disabled . | . . . Actions | -11 -10 -10 --------- Run | Yrd Mat Min Total 2085 | 60 1366 659 Wait 141 | . 98 43 Move 1709 | 50 1094 565 Hop . | . . . Pick Up 27 | 3 14 10 Fast Attach 28 | 6 18 4 Attach 7 | . 5 2 Detach 3 | . 3 . Swap 35 | . 29 6 Drop 11 | . 8 3 Fire 124 | 1 97 26 Melee . | . . . Ram . | . . . Kick . | . . . Crush . | . . . Escape Stasis . | . . . Rewire . | . . . Trap . | . . . Miscellaneous . | . . . Route ------- -11/Scrapyard -10/Materials (discovered 5 exits: *Mat x3 / [*Min] / [*Sub]) -10/Mines (discovered 3 exits: *Mat x2 / [*Sub]) History --------- Turn | Location | Event 4 | -11/Scrapyard | Discovered new exit (range 16) 58 | -11/Scrapyard | Entered Materials 313 | -10/Materials | Build established: Mutant 856 | -10/Materials | Discovered new exit (range 11) 912 | -10/Materials | Discovered new exit (range 6) 1242 | -10/Materials | Discovered new exit (range 12) 1422 | -10/Materials | Discovered new exit (range 12) 2243 | -10/Materials | Discovered new exit (range 7) 2267 | -10/Materials | Prayed at D.C.S.S. Altar Unit 2432 | -10/Materials | Ranged accuracy permanently improved by X0-1V1 (+5%; -50 max core) 2444 | -10/Materials | Entered Mines 2496 | -10/Mines | X0-1V1 sent hostile Y-45 Defender (x3) 2519 | -10/Mines | Core integrity fell below 50% 2893 | -10/Mines | Identified exit to Materials 2893 | -10/Mines | X0-1V1 revealed exit location to -9/Materials 2897 | -10/Mines | Joined a pair of Derelicts in attacking an 0b10 outpost 3111 | -10/Mines | Discovered new exit (range 8) 3337 | -10/Mines | Core integrity fell below 20% 3396 | -10/Mines | Found DCF Scrap (14 items) 3527 | -10/Mines | X0-1V1 sent hostile G-34 Mercenary (x3) 3727 | -10/Mines | Discovered exit to Materials (range 6) 3782 | -10/Mines | X0-1V1 sent hostile G-34 Mercenary (x3) 3784 | -10/Mines | Destroyed by G-34 Mercenary with Small Laser Last Messages --------------- 03542_ Heat Sink melted. 03542_ G-34 Mercenary destroyed. 03545_ Acquired 46 matter. 03555_ X0-1V1 smiles upon you. (Received Shotgun) 03588_ TH resistance returns to normal. 03594_ G-34 Mercenary destroyed. 03599_ Acquired 37 matter. 03603_ Acquired 27 matter. 03727_ EXIT=FOUND: MATERIALS 03747_ Y-45 Defender Heat Sink blasted off. 03750_ Y-45 Defender destroyed. 03751_ Acquired 49 matter. 03757_ Acquired Hvy. Assault Rifle. 03762_ Acquired 4 matter. 03767_ Acquired Lgt. Treads. 03782_ X0-1V1: "C'mon, do something!" G-34 Mercenary form resolidifies at new position. 03784_ X0-1V1 chortles! Map ----- +----------------------------------------------------+ | | | | | | | | | | | | | | | | | | | | | | | | | | | | | | | | | ??????????????????????????????????????????? | | ???????????????????#??????????????#####?### | | ??????????????????# ?????????????## ### | | ?????????????##### ????????????## | | ????????????## g ???????????## | | ???????????## gg ???????????## %## | | ???????????# #???????????## ##? | | ???????????# #???????????### % ##? | | ???????????# ##???????????## %##? | | ????????????# < @ #???????????## ## ##?? | | ????????????## #######??##### #"###?? | | ?????????????## #?## #####?? | | ??????????????### ######!#?# == #????? | | ????????????????####????# #?# #????? | | ????????????????????????# #?# ##????? | | ????????????????????????# ### % ##?##### | | ????????????????????????# ## ###??# | | ????????????????????????# ## ##????# ### | | ????????????????????????# ## ##?????# #?? | | ????????????????????????# ### #####??# #?? | | ???#######??????????????# #### #?? | | ???# #????########### # #?? | | ???# """ #???## #### [ ## ######?? | | ???# """ #??## """ #?# ## ###????? | | ???# """ #??# """ ### ### ##???? | | ???# #### """ ## ### ###?? | | ???# """ ### ### | | ???# """ # | | ???# """ ### | | ???# ## ## ## | | ???######## ### ##?# | | ??????????## ##?## ##???# | | ???????????###???# ##?????## | | ??###########????## ###?????### | +----------------------------------------------------+ Best States ------------- Heat Dissipation 25 Energy Generation 12 Energy Capacity 1065 Matter Stores 680 Matter Capacity 1000 Sight Range 16 Terrain Scan Density 10 Armor Coverage 80 Resistance: TH 38 Evasion (%) 44 Recoil Reduction 2 Item Schematics ----------------- None Robot Schematics ------------------ M-13 Machinist | -10/Materials | Hacked Fabricated ------------ Nothing Repaired ---------- Nothing Studied --------- None Alien Tech Used ----------------- None Achievements -------------- None Challenges ------------ None Game ------ Seed GammaConceptTurbovents Manual? 0 Play Time 00:16:13 Cumulative 1022.1 hours Start 2026.08.18 @ 19:47:24 End 2026.08.18 @ 20:02:14 Sessions 1 Manual Loads 0 Difficulty Rogue Special Mode None Game No. 287 Rogue 287 Adventurer 0 Explorer 0 Win Type - Total 45 Types 13/9/11/2/2/0/4/1/1/2 Lore% 96 Gallery% 90 Achievement% 86 Wizard Run 0 Options --------- Layout 1 ASCII 0 Keyboard 0 Movement Mouse Keybinds 0 Fullscreen 2 Font 32/SmallcapsGlow Map View 50x35 Zoom Use 0% Tactical HUD 1 Map Filters NONE Filters NONE Steam 1 RUN: 63c1129c-b68d-4311-97c4-ea8c13140554